 Dungeon Crawl Stone Soup version 0.27.0-1-g7a089689b8 (webtiles) character file.

Game seed: 3238839536600330217

36 sasquatch the Chucker (level 3, -2/37 HPs)
             Began as an Ogre Hunter on Aug 2, 2021.
             Killed from afar by Natasha (8 damage)
             ... with a magic dart
             ... on level 2 of the Dungeon.
             The game lasted 00:02:07 (2104 turns).

sasquatch the Chucker (Ogre Hunter)                 Turns: 2104, Time: 00:02:08

Health: -2/37      AC:  3    Str: 17    XL:     3   Next: 37%
Magic:  3/3        EV:  9    Int: 12    God:
Gold:   83         SH:  0    Dex:  9    Spells: 2/2 levels left

rFire    . . .     SeeInvis .   g - +0 club
rCold    . . .     Faith    .   (no shield)
rNeg     . . .     Spirit   .   b - +0 robe
rPois    .         Reflect  .   (helmet restricted)
rElec    .         Harm     .   (no cloak)
rCorr    .         Rampage  .   (gloves unavailable)
Will     .....                  (boots unavailable)
Stlth    +.........             (no amulet)
HPRegen  0.12/turn              (no ring)
MPRegen  0.08/turn              (no ring)

@: no status effects
A: large, unfitting armour, tough skin 1
a: no special abilities


You were on level 2 of the Dungeon.
You visited 1 branch of the dungeon, and saw 2 of its levels.

You collected 83 gold pieces.

Inventory:

Hand Weapons
 g - a +0 club (weapon)
Missiles
 c - 5 large rocks (quivered)
 d - 2 throwing nets
Armour
 b - a +0 robe (worn)
Jewellery
 e - a ring of ice
Scrolls
 a - a scroll of fear {unknown}
 f - a scroll of noise {unknown}
 j - a scroll of silence {unknown}
Potions
 h - a potion of brilliance {unknown}
 i - a potion of invisibility {unknown}


   Skills:
 + Level 3.3 Fighting
 * Level 1.4 Maces & Flails
 + Level 4.4 Throwing
 - Level 1.7 Dodging
 - Level 0.6 Stealth


You had 2 spell levels left.
You didn't know any spells.
Your spell library was empty.

Dungeon Overview and Level Annotations

Branches:
Dungeon (2/15)

Altars:

Annotations:
D:2 Natasha


Innate Abilities, Weirdness & Mutations

You are too large for most types of armour.
You have tough skin. (AC +1)


Message History

No target in view!
Natasha is nearby!
Natasha hisses angrily.
You hit Natasha but do no damage. Natasha closely misses you.
You hit Natasha.
Natasha is moderately wounded.
Natasha claws you! Natasha claws you.
You barely miss Natasha.
Natasha is moderately wounded.
Natasha claws you.
You are too injured to fight recklessly!
You are too injured to fight recklessly!
Throw: 9 large rocks
Press: ? - help, Q - select action, (/) - cycle Shift-Dir - straight line, f - Natasha
Aim: Natasha (moderately wounded, 50% to hit)
You throw a large rock. The large rock barely misses Natasha.
Natasha closely misses you. Natasha claws you.
* * * LOW HITPOINT WARNING * * *
Throw: 8 large rocks
Press: ? - help, Q - select action, (/) - cycle Shift-Dir - straight line, f/p - Natasha
Aim: Natasha (moderately wounded, 50% to hit)
You throw a large rock.
The large rock completely misses Natasha.
Natasha barely misses you.
Throw: 7 large rocks
Press: ? - help, Q - select action, (/) - cycle Shift-Dir - straight line, f/p - Natasha
Aim: Natasha (moderately wounded, 50% to hit)
You throw a large rock.
The large rock completely misses Natasha.
Natasha closely misses you. Natasha claws you.
* * * LOW HITPOINT WARNING * * *
Throw: 6 large rocks
Press: ? - help, Q - select action, (/) - cycle Shift-Dir - straight line, f/p - Natasha
Aim: Natasha (moderately wounded, 50% to hit)
You throw a large rock. The large rock hits Natasha!
Natasha is almost dead.
Natasha barely misses you.
Natasha stares at you and mumbles some strange words.
The magic dart hits you!
You die...

.<.#........<)......
....................
#.....).#........#
######.......##........
....................###
.............########
...............# #
.............#....
..........@......#
...........h.....#
..........>.......
.......##.........
....... #.........
...... .......(.# ....
.......###?...#
.###.....##....#
....?.....#


You could see Natasha.

Vanquished Creatures
  A dart slug (D:1)
  7 ball pythons
  4 endoplasms
  A giant cockroach (D:1)
  7 goblins
  A hobgoblin (D:1)
  3 kobolds (D:1)
  2 quokkas (D:1)
  2 frilled lizards (D:1)
  4 rats (D:1)
32 creatures vanquished.

Notes
Turn   | Place    | Note
-------+----------+-------------------------------------------
     0 | D:1      | sasquatch the Ogre Hunter began the quest for the Orb.
     0 | D:1      | Reached XP level 1. HP: 22/22 MP: 1/1
   302 | D:1      | Reached XP level 2. HP: 28/31 MP: 2/2
   979 | D:1      | Reached skill level 1 in Maces & Flails
  1543 | D:1      | Reached XP level 3. HP: 35/37 MP: 3/3
  1980 | D:2      | Noticed Natasha
  2104 | D:2      | Killed from afar by Natasha

Illustrated notes

Levels and vault maps discovered:
D:1:      amcnicky_arrival_single_pillar, layout_basic, minmay_three_crescents
D:2:      layout_rooms, serial_shops, nicolae_shop_crystal, uniq_sigmund,
          uniq_jessica, uniq_natasha

Skill      XL: |  1  2 |
---------------+-------+-----
Fighting       | 3 |  3.3
Maces & Flails | 1 |  1.4
Throwing       | |  4.4
Dodging        | |  1.7
Stealth        | |  0.6

Action                   || total
-------------------------++-------
Melee: Short sword       ||    23
       Club              ||   116
Throw: Large rock        ||     4
 Stab: Sleeping          ||     1
Armor: Robe              ||    51
Dodge: Dodged            ||    67
